 Seeded DCSS version 0.30-a0-845-g7c6808c8ce (webtiles) character file.

Game seed: 2457308098960037161 (custom seed)

51 bmack86 the Covered (level 3, 0/33 HPs)
             Began as a Minotaur Fighter on Mar 3, 2023.
             Succumbed to Crazy Yiuf's poison
             ... on level 2 of the Dungeon.
             The game lasted 00:02:58 (1140 turns).

bmack86 the Covered (Minotaur Fighter)              Turns: 1140, Time: 00:02:58

Health: 0/33       AC: 11    Str: 22    XL:     3   Next: 58%
Magic:  2/2        EV:  7    Int:  5    God:
Gold:   119        SH:  4    Dex:  9    Spells: 2/2 levels left

rFire   . . .      SeeInvis .    a - +0 war axe
rCold   . . .      Faith    .    c - +0 buckler
rNeg    . . .      Spirit   .    q - +0 chain mail
rPois   .          Reflect  .    k - +2 hat
rElec   .          Rampage  .    (no cloak)
rCorr   .                        (no gloves)
Will    +....                    (no boots) Stlth
                                 (no amulet)
HPRegen 0.25/turn                j - ring of willpower
MPRegen 0.08/turn                (no ring)

@: lethally poisoned (0 -> -7)
A: horns 2, retaliatory headbutt
a: no special abilities


You were on level 2 of the Dungeon.
You visited 1 branch of the dungeon, and saw 2 of its levels.

You collected 119 gold pieces.

Inventory:

Hand Weapons
 a - a +0 war axe (weapon)
Missiles
 e - 6 curare-tipped darts
 l - 5 boomerangs (quivered)
Armour
 c - a +0 buckler (worn)
 k - a +2 hat (worn)
 q - a +0 chain mail (worn)
Jewellery
 j - a ring of willpower (left hand)
Scrolls
 f - a scroll of vulnerability {unknown}
 g - a scroll of silence {unknown}
 h - a scroll of magic mapping {unknown}
 i - 3 scrolls of identify {unknown}
 n - a scroll of enchant armour {unknown}
Potions
 b - a potion of flight {unknown}
 d - 2 potions of might
 m - a potion of magic {unknown}
 o - 2 potions of curing {unknown}
 p - a potion of heal wounds {unknown}
 r - a potion of attraction {unknown}


   Skills:
 + Level 4.0 Fighting
 * Level 3.5 Axes
 + Level 1.0 Throwing
 + Level 4.0 Armour
 + Level 4.0 Shields


You had 2 spell levels left.
You didn't know any spells.
Your spell library was empty.

Dungeon Overview and Level Annotations

Branches:
Dungeon (2/15)

Altars:

Annotations:
D:2 Crazy Yiuf


Innate Abilities, Weirdness & Mutations

You have a pair of horns on your head.
You reflexively headbutt those who attack you in melee.


Message History

You finish taking off your +0 scale mail.
You start putting on your armour.
You continue putting on your +0 chain mail. x5
You finish putting on your +0 chain mail.
You drop a +0 scale mail.
b - a metallic puce potion
Found a stone staircase leading down.
A dart slug comes into view.
The dart slug launches a dart at you.
The slug dart hits you but does no damage.
The dart slug launches a dart at you. The slug dart misses you.
The dart slug launches a dart at you. The slug dart misses you.
The dart slug barely misses you.
You slash the dart slug!
You kill the dart slug!
Your Fighting skill increases to level 4!
There is a stone staircase leading down here.
r - a grey potion
Found four hammers.
Found a runed translucent door.
Crazy Yiuf shouts!
You see here a +0 hammer.
You open the door. You slash Crazy Yiuf!
Crazy Yiuf is severely wounded.
Crazy Yiuf hits you with a +3 quarterstaff of chaos!
You are poisoned.
Crazy Yiuf hits you with a +3 quarterstaff of chaos.
Crazy Yiuf freezes you.
You closely miss Crazy Yiuf.
Crazy Yiuf is severely wounded.
You feel very sick.
Crazy Yiuf hits you with a +3 quarterstaff of chaos!
* * * LOW HITPOINT WARNING * * *
Crazy Yiuf freezes you.
* * * LOW HITPOINT WARNING * * *
You closely miss Crazy Yiuf. Your headbutt misses Crazy Yiuf.
Crazy Yiuf is heavily wounded.
You die...

..# .## .# .# .#
.##### ###♣♣♣♣♣
.....###.#..♣.♣♣♣ ###
.............♣.)♣#...#
###..#......♣♣♣♣@g)..#
#....##..#.♣♣ ♣♣#).)#
#.#..#####♣♣ ###
.|...# .....####
#.##....### ###
#.##.####.## #.###
...........## #<..#
........#....
#####.#####


You could see Crazy Yiuf.

Vanquished Creatures
  4 dart slugs
  2 ball pythons (D:2)
  3 endoplasms
  2 giant cockroaches
  A goblin (D:1)
  7 hobgoblins
  6 kobolds
  3 quokkas (D:2)
  2 bats (D:2)
  2 frilled lizards
  6 rats
38 creatures vanquished.

Notes
Turn   | Place    | Note
-------+----------+-------------------------------------------
     0 | D:1      | bmack86 the Minotaur Fighter began the quest for the Orb.
     0 | D:1      | Reached XP level 1. HP: 19/19 MP: 0/0
   147 | D:1      | Reached XP level 2. HP: 25/26 MP: 1/1
   642 | D:2      | Reached XP level 3. HP: 33/33 MP: 2/2
   975 | D:2      | Reached skill level 1 in Throwing
  1133 | D:2      | Found a runed translucent door.
  1134 | D:2      | Noticed Crazy Yiuf
  1139 | D:2      | HP: 1/33 [Crazy Yiuf/+3 quarterstaff of chaos (2)]
  1140 | D:2      | Succumbed to Crazy Yiuf's poison

Illustrated notes

Levels and vault maps discovered:
D:1:      nicolae_arrival_somewhat_less_tricky_arrival, layout_rooms
D:2:      layout_loops_cross, uniq_crazy_yiuf_cottage

Skill      XL: |  1  2  3 |
---------------+----------+-----
Axes           | 3 |  3.5
Armour         | 4 |  4.0
Shields        | 4 |  4.0
Throwing       | 1 |  1.0
Fighting       | 4 |  4.0

Action                     || total
---------------------------++-------
  Melee: War axe           ||    52
         Headbutt          ||     6
 Armour: Scale mail        ||    30
         Chain mail        ||     1
  Dodge: Dodged            ||    36
  Block: Buckler           ||    15

Table legend: (Time is in decaauts)
 A = Elapsed time spent in this place.
 B = Non-inter-level travel time spent in this place.
 C = Inter-level travel time spent in this place.
 D = Time resting spent in this place.
 E = Time spent auto-exploring this place.
 F = Levels seen in this place.
 G = Mean time per level.
                   A        B        C        D        E       F      G
               +--------+--------+--------+--------+--------+-----+--------+
         Total |   1159 |   1137 |     22 |      0 |    730 |   2 |  579.5 |
       Dungeon |   1159 |   1137 |     22 |      0 |    730 |   2 |  579.5 |
               +--------+--------+--------+--------+--------+-----+--------+

Top non-repeatable levels by time:
     D:2: 593 daAuts
     D:1: 566 daAuts
